 Dungeon Crawl Stone Soup version 0.31-a0-200-gbc41564c69 (webtiles) character file.

Game seed: 14450099491941715378

151 qw the Skirmisher (level 5, -1/29 HPs)
             Began as a Deep Elf Hunter on June 25, 2023.
             Slain by an iguana (12 damage)
             ... on level 4 of the Dungeon.
             The game lasted 00:01:05 (1957 turns).

qw the Skirmisher (Deep Elf Hunter)                 Turns: 1957, Time: 00:01:06

Health: -1/29      AC:  7    Str:  9 (10) XL:     5   Next: 11%
Magic:  7/7        EV: 10    Int: 11 (14) God:
Gold:   138        SH:  0    Dex: 16 (18) Spells: 4/4 levels left

rFire   . . .        Y - +1 shortbow
rCold   + . .        (shield currently unavailable)
rNeg    . . .        d - +0 ring mail
rPois   .            (no helmet)
rElec   .            j - +0 cloak
rCorr   .            (no gloves)
SInv    .            f - +0 pair of boots
Will    .....        (no amulet)
Stlth   +            i - ring of protection from cold
HPRegen 0.24/turn    (no ring)
MPRegen 0.10/turn

%: no passive effects
@: no status effects
A: no striking features
a: no special abilities


You were on level 4 of the Dungeon.
You visited 1 branch of the dungeon, and saw 4 of its levels.

You collected 138 gold pieces.


   Skills:
 - Level 1.5 Fighting
 + Level 8.5 Ranged Weapons
 - Level 2.4 Dodging
 - Level 1.2 Stealth


You had 4 spell levels left.
You didn't know any spells.
Your spell library was empty.

Inventory:

Hand Weapons
 Y - a +1 shortbow (weapon)
Armour
 d - a +0 ring mail (worn)
 f - a +0 pair of boots (worn)
 j - a +0 cloak (worn)
Jewellery
 g - a ring of ice
 i - a ring of protection from cold (left hand)
Scrolls
 m - a scroll of identify
Potions
 a - a potion of heal wounds {unknown}
 b - a potion of resistance {unknown}
 e - a potion of berserk rage {unknown}
 h - a potion of brilliance {unknown}
 k - a potion of curing {unknown}

Dungeon Overview and Level Annotations

Branches:
Dungeon (4/15)
 Temple: D:4-7

Altars:
Cheibriados
Ru
Xom
Yredelemnul

Annotations:
D:3 1 runed translucent door
D:4 Pikel


Message History

The lemure hits you.
You shoot an arrow. The arrow hits the lemure!
You kill the lemure!
That felt strangely unrewarding.
You start resting.
HP restored.
An iguana comes into view.
The iguana hisses angrily.
Pikel, Merchant of Souls comes into view.
He is wielding a +2 whip of flaming and carrying a wand of paralysis (13).
You shoot an arrow. The arrow barely misses the iguana.
Pikel shouts!
Pikel zaps a wand.
You resist with some effort.
You shoot an arrow. The arrow hits the iguana.
The iguana is lightly wounded.
You shoot an arrow.
The arrow hits the iguana but does no damage.
The iguana is lightly wounded.
You shoot an arrow.
The arrow hits the iguana but does no damage.
The iguana is lightly wounded.
A dart slug comes into view.
Pikel zaps a wand.
You suddenly lose the ability to move!
A lemure comes into view.
The iguana bites you.
Pikel zaps a wand.
You shrug off the repeated paralysis!
The iguana bites you!
You can move again.
You shoot an arrow. The arrow closely misses the iguana.
The lemure shouts!
The iguana bites you!
A lemure comes into view.
You shoot an arrow. The lemure shouts!
The arrow hits the iguana.
The iguana is moderately wounded.
The iguana bites you but does no damage.
You shoot an arrow. The arrow barely misses the iguana.
The arrow hits the lemure.
The lemure is lightly wounded.
The iguana bites you!
You die...

.......#.# #
....(..5# ..
##.......# ..
....w...#
#.#..5....#
...........# ...
#.lK...# # ..
#.@....# #.
#.##......# .###
..#......# .[#
#.#......# #.#
#.####.###
#.###.####..###.#
#....<....#..##.#
..................#
###.##..........#.#


You could see Pikel, 2 lemures, an iguana and a dart slug.

Vanquished Creatures
  A lemure (D:4)
  An orc wizard (D:3)
  4 adders
  2 worms
  3 dart slugs
  5 orcs (D:3)
  2 bats (D:2)
  7 endoplasms
  3 giant cockroaches
  8 goblins
  3 hobgoblins
  3 quokkas
  13 ball pythons
  9 frilled lizards
  7 kobolds
  4 rats
  A butterfly (D:3)
76 creatures vanquished.

Notes
Turn   | Place    | Note
-------+----------+-------------------------------------------
     0 | D:1      | qw the Deep Elf Hunter began the quest for the Orb.
     0 | D:1      | Reached XP level 1. HP: 12/12 MP: 3/3
     0 | D:1      | 0 ||| qw: Version: 0.3-a-22-g0ed2b0b
     0 | D:1      | 0 ||| qw: Game counter: 5625
     0 | D:1      | 0 ||| qw: Melee chars always use a shield: true
     0 | D:1      | 0 ||| qw: God list: Okawaru
     0 | D:1      | 0 ||| qw: Allow faded altars: false
     0 | D:1      | 0 ||| qw: Do Orc after clearing Dungeon:15 true
     0 | D:1      | 0 ||| qw: Do second Lair branch before Depths: true
     0 | D:1      | 0 ||| qw: Lair rune preference: random
     0 | D:1      | 0 ||| qw: Goals: Normal
     0 | D:1      | 0 ||| PLANNING D:1-11
   117 | D:1      | Reached skill level 6 in Ranged Weapons
   117 | D:1      | Reached XP level 2. HP: 16/16 MP: 4/4
   508 | D:1      | 508 ||| UPGRADING to +0 ring mail.
   518 | D:1      | 518 ||| DROPPING +0 leather armour.
   519 | D:1      | 519 ||| UPGRADING to +0 pair of boots.
   524 | D:1      | 524 ||| UPGRADING to ring of protection from cold.
   525 | D:1      | 525 ||| READING scroll labelled OHUJ WOMUU.
   526 | D:1      | 526 ||| READING scroll labelled FYTOMEREESS.
   531 | D:1      | 531 ||| READING scroll labelled MYUGEVVINN.
   532 | D:1      | 532 ||| DROPPING scroll of butterflies.
   588 | D:2      | Reached XP level 3. HP: 20/20 MP: 5/5
   644 | D:2      | Reached skill level 7 in Ranged Weapons
   756 | D:2      | Reached XP level 4. HP: 25/25 MP: 6/6
  1051 | D:2      | 1051 ||| UPGRADING to +0 cloak.
  1056 | D:2      | 1056 ||| READING scroll labelled PUVEIZ TATEH.
  1057 | D:2      | 1057 ||| READING scroll labelled EDUSEC VUDDOENN.
  1081 | D:3      | 1081 ||| STAIRDANCE
  1127 | D:3      | Found a runed translucent door.
  1127 | D:3      | Noticed a human
  1130 | D:3      | Found a basalt altar of Yredelemnul.
  1355 | D:3      | Found a shimmering altar of Xom.
  1364 | D:3      | Found a snail-covered altar of Cheibriados.
  1539 | D:3      | Found a sacrificial altar of Ru.
  1546 | D:3      | 1546 ||| Stepping ~*~*~tactically~*~*~ (outnumbered).
  1555 | D:3      | Reached skill level 8 in Ranged Weapons
  1566 | D:3      | Reached XP level 5. HP: 16/29 MP: 7/7
  1574 | D:3      | HP: 5/29 [orc/+0 hand axe (5)]
  1578 | D:3      | HP: 2/29 [orc/+0 club (2)]
  1582 | D:3      | 1582 ||| FLEEEEING.
  1583 | D:3      | 1583 ||| FLEEEEING.
  1584 | D:3      | 1584 ||| FLEEEEING.
  1585 | D:3      | 1585 ||| FLEEEEING.
  1586 | D:3      | 1586 ||| FLEEEEING.
  1588 | D:3      | 1588 ||| FLEEEEING.
  1589 | D:3      | 1589 ||| FLEEEEING.
  1590 | D:3      | 1590 ||| FLEEEEING.
  1591 | D:3      | 1591 ||| FLEEEEING.
  1592 | D:3      | 1592 ||| FLEEEEING.
  1593 | D:3      | 1593 ||| FLEEEEING.
  1594 | D:3      | 1594 ||| FLEEEEING.
  1595 | D:3      | 1595 ||| FLEEEEING.
  1596 | D:3      | 1596 ||| FLEEEEING.
  1597 | D:3      | 1597 ||| FLEEEEING.
  1598 | D:3      | 1598 ||| FLEEEEING.
  1599 | D:3      | 1599 ||| FLEEEEING.
  1600 | D:3      | 1600 ||| FLEEEEING.
  1601 | D:3      | 1601 ||| FLEEEEING.
  1602 | D:3      | 1602 ||| FLEEEEING.
  1603 | D:3      | 1603 ||| FLEEEEING.
  1605 | D:3      | 1605 ||| FLEEEEING.
  1606 | D:3      | 1606 ||| FLEEEEING.
  1607 | D:3      | 1607 ||| FLEEEEING.
  1608 | D:3      | 1608 ||| FLEEEEING.
  1609 | D:3      | 1609 ||| FLEEEEING.
  1610 | D:3      | 1610 ||| FLEEEEING.
  1611 | D:3      | 1611 ||| FLEEEEING.
  1612 | D:3      | 1612 ||| FLEEEEING.
  1613 | D:3      | 1613 ||| FLEEEEING.
  1614 | D:3      | 1614 ||| FLEEEEING.
  1615 | D:3      | 1615 ||| FLEEEEING.
  1616 | D:3      | 1616 ||| FLEEEEING.
  1617 | D:3      | 1617 ||| FLEEEEING.
  1618 | D:3      | 1618 ||| FLEEEEING.
  1619 | D:3      | 1619 ||| FLEEEEING.
  1622 | D:3      | 1622 ||| FLEEEEING.
  1623 | D:3      | 1623 ||| FLEEEEING.
  1626 | D:3      | 1626 ||| FLEEEEING.
  1627 | D:3      | 1627 ||| FLEEEEING.
  1628 | D:3      | 1628 ||| FLEEEEING.
  1629 | D:3      | 1629 ||| FLEEEEING.
  1630 | D:3      | 1630 ||| FLEEEEING.
  1631 | D:3      | 1631 ||| FLEEEEING.
  1632 | D:3      | 1632 ||| FLEEEEING.
  1633 | D:3      | 1633 ||| FLEEEEING.
  1634 | D:3      | 1634 ||| FLEEEEING.
  1635 | D:3      | 1635 ||| FLEEEEING.
  1637 | D:3      | 1637 ||| FLEEEEING.
  1641 | D:3      | 1641 ||| FLEEEEING.
  1643 | D:3      | 1643 ||| FLEEEEING.
  1644 | D:3      | 1644 ||| FLEEEEING.
  1645 | D:3      | 1645 ||| FLEEEEING.
  1646 | D:3      | 1646 ||| FLEEEEING.
  1647 | D:3      | 1647 ||| FLEEEEING.
  1648 | D:3      | 1648 ||| FLEEEEING.
  1649 | D:3      | 1649 ||| FLEEEEING.
  1650 | D:3      | 1650 ||| FLEEEEING.
  1652 | D:3      | 1652 ||| FLEEEEING.
  1653 | D:3      | 1653 ||| FLEEEEING.
  1654 | D:3      | 1654 ||| FLEEEEING.
  1655 | D:3      | 1655 ||| FLEEEEING.
  1656 | D:3      | 1656 ||| FLEEEEING.
  1657 | D:3      | 1657 ||| FLEEEEING.
  1658 | D:3      | 1658 ||| FLEEEEING.
  1659 | D:3      | 1659 ||| FLEEEEING.
  1660 | D:3      | 1660 ||| FLEEEEING.
  1662 | D:3      | 1662 ||| FLEEEEING.
  1663 | D:3      | 1663 ||| FLEEEEING.
  1664 | D:3      | 1664 ||| FLEEEEING.
  1665 | D:3      | 1665 ||| FLEEEEING.
  1666 | D:3      | 1666 ||| FLEEEEING.
  1667 | D:3      | 1667 ||| FLEEEEING.
  1668 | D:3      | 1668 ||| FLEEEEING.
  1669 | D:3      | 1669 ||| FLEEEEING.
  1670 | D:3      | 1670 ||| FLEEEEING.
  1671 | D:3      | 1671 ||| FLEEEEING.
  1672 | D:3      | 1672 ||| FLEEEEING.
  1673 | D:3      | 1673 ||| FLEEEEING.
  1674 | D:3      | 1674 ||| FLEEEEING.
  1675 | D:3      | 1675 ||| FLEEEEING.
  1677 | D:3      | 1677 ||| FLEEEEING.
  1678 | D:3      | 1678 ||| FLEEEEING.
  1679 | D:3      | 1679 ||| FLEEEEING.
  1716 | D:3      | Found a faded altar of an unknown god.
  1876 | D:3      | 1876 ||| READING scroll labelled JUINURCHACHO.
  1877 | D:3      | 1877 ||| DRINKING 2 cyan potions.
  1878 | D:3      | 1878 ||| DROPPING potion of degeneration.
  1928 | D:4      | Noticed a lemure
  1940 | D:4      | Killed a lemure
  1948 | D:4      | Noticed Pikel
  1952 | D:4      | Paralysed by Pikel for 3 turns
  1953 | D:4      | Noticed a lemure
  1955 | D:4      | Noticed a lemure
  1957 | D:4      | Slain by an iguana

Levels and vault maps discovered:
D:1:      mrwooster_arrival_arrow, layout_loops_ring
D:2:      layout_rooms, dk_noncrumbling_3, kennysheep_generic_room_2
D:3:      layout_basic, slow_altar_1, dk_yredelemnul_ordeal,
          nicolae_ru_great_annihilating_truth, xom_butterflies,
          basic_ecumenical_altar, grunt_ministairs_1
D:4:      layout_basic, uniq_pikel

Skill      XL: |  1  2  3  4 |
---------------+-------------+-----
Ranged Weapons | 6 7 8 |  8.5
Fighting       | |  1.5
Dodging        | |  2.4
Stealth        | |  1.2

Action                     |  1- 3 |  4- 6 || total
---------------------------+-------+-------++-------
   Fire: Shortbow          |    86 |   110 ||   196
    Use: Scroll            |     3 |     3 ||     6
         Potion            |       |     1 ||     1
 Armour: Leather armour    |     1 |       ||     1
         Ring mail         |       |    31 ||    31
  Dodge: Dodged            |     4 |    39 ||    43

Table legend:
 A = Non-vault XP
 B = Vault XP
 C = Vault XP percentage of total XP
 D = Non-vault monster count
 E = Vault monster count
 F = Vault count percentage of total count
                 A         B        C        D         E       F
            +---------+---------+-------+---------+---------+-------
      Total |     152 |      65 |  30.0 |      65 |       9 |  12.2
            +---------+---------+-------+---------+---------+-------
        D:1 |      35 |       0 |   0.0 |      20 |       0 |   0.0
        D:2 |      67 |       5 |   6.9 |      24 |       3 |  11.1
        D:3 |      50 |      60 |  54.5 |      21 |       6 |  22.2
            +---------+---------+-------+---------+---------+-------
